 Dungeon Crawl Stone Soup version 0.27.0-1-g7a089689b8 (webtiles) character file.

Game seed: 12411312368300408035

119 dtburroughs the Chopper (level 4, -1/41 HPs)
             Began as a Minotaur Berserker on Aug 8, 2021.
             Was a Believer of Trog.
             Slain by a gnoll (8 damage)
             ... on level 2 of the Dungeon.
             The game lasted 00:04:01 (1883 turns).

dtburroughs the Chopper (Minotaur Berserker)        Turns: 1883, Time: 00:04:01

Health: -1/41      AC:  8    Str: 22    XL:     4   Next: 74%
Magic:  0/3        EV: 11    Int:  5    God:    Trog [**....]
Gold:   31         SH:  0    Dex:  9    Spells: 3/3 levels left

rFire    . . .     SeeInvis .   a - +0 hand axe
rCold    . . .     Faith    .   (no shield)
rNeg     . . .     Spirit   +   d - +0 ring mail
rPois    .         Reflect  .   (helmet restricted)
rElec    .         Harm     .   (no cloak)
rCorr    .         Rampage  .   g - +2 pair of gloves
Will     .....                  (no boots)
Stlth    ..........             i - amulet of guardian spirit
HPRegen  0.13/turn              (no ring)
MPRegen  0.08/turn              (no ring)

@: no status effects
A: horns 2, retaliatory headbutt
a: Renounce Religion, Berserk, Trog's Hand


You were on level 2 of the Dungeon.
You worshipped Trog.
Trog was pleased with you.
You visited 1 branch of the dungeon, and saw 2 of its levels.

You collected 31 gold pieces.

Inventory:

Hand Weapons
 a - a +0 hand axe (weapon)
Armour
 b - a +0 animal skin
 d - a +0 ring mail (worn)
 g - a +2 pair of gloves (worn)
Jewellery
 i - an amulet of guardian spirit (around neck)
Scrolls
 e - a scroll of teleportation {unknown}
 f - 2 scrolls of noise {unknown}
 h - a scroll of identify {unknown}
 j - a scroll of amnesia {unknown}
Potions
 c - a potion of lignification {unknown}
 k - a potion of curing {unknown}


   Skills:
 + Level 4.5 Fighting
 + Level 4.6 Axes
 + Level 3.6 Armour
 + Level 3.3 Dodging


You had 3 spell levels left.
You didn't know any spells.
Your spell library was empty.

Dungeon Overview and Level Annotations

Branches:
Dungeon (2/15)

Altars:
Hepliaklqana


Innate Abilities, Weirdness & Mutations

You have a pair of horns on your head.
You reflexively headbutt those who attack you in melee.


Message History

A dart slug comes into view.
The jackal barks!
The gnoll barely misses you.
A goblin comes into view. It is wielding a +0 club.
The dart slug moves out of view.
Found a scroll labelled WEODAIFYRCH.
The jackal bites you but does no damage.
The gnoll hits you with a +0 spear. The gnoll hits you but does no damage.
The jackal misses you.
You barely miss the gnoll. You hit the jackal.
You kill the jackal!
Trog accepts your kill. The gnoll hits you with a +0 spear.
The gnoll hits you from afar with a +0 halberd.
You slash the gnoll!
You headbutt the gnoll, but do no damage.
The gnoll is severely wounded.
You hit the jackal.
The jackal bites you but does no damage.
The gnoll hits you with a +0 spear.
The gnoll hits you from afar with a +0 halberd.
The jackal bites you but does no damage.
You hit the gnoll.
The gnoll is almost dead.
You hit the jackal.
You kill the jackal!
Trog accepts your kill. The gnoll hits you but does no damage.
The gnoll hits you from afar with a +0 halberd.
You fail to use your ability.
The gnoll hits you with a +0 spear. The gnoll hits you with a +0 flail.
The gnoll closely misses you.
You hit the gnoll.
You kill the gnoll!
Trog accepts your kill.
You hit the gnoll. The gnoll hits you with a +0 flail!
* * * LOW HITPOINT WARNING * * *
The gnoll closely misses you.
You barely miss the goblin. You hit the gnoll. The goblin closely misses you.
The gnoll hits you with a +0 flail!
You die...

...........).......#
#..........#.......#
#....#####.#####.###
#....# #.# #.#
..##.# #†# #.#
..##.# #.# #.#
..##.# #.# #.#
..'..# #.# #.#
..#### #+# #@# ..#
......gg# #.#
......wg# #.#
.......## #.#
....... #.# .......
#.# ..?.... #.#
####### #.#


You could see 2 gnolls, a dart slug and a goblin.

Vanquished Creatures
  4 gnolls (D:2)
  3 adders (D:2)
  A worm (D:2)
  A dart slug (D:2)
  3 endoplasms (D:1)
  2 giant cockroaches
  5 goblins
  4 hobgoblins
  7 jackals (D:2)
  2 kobolds (D:1)
  A quokka (D:2)
  A ball python (D:1)
  7 bats
  A frilled lizard (D:2)
  8 rats
50 creatures vanquished.

Vanquished Creatures (others)
  A plant (D:1)
1 creature vanquished.

Grand Total: 51 creatures vanquished

Notes
Turn   | Place    | Note
-------+----------+-------------------------------------------
     0 | D:1      | dtburroughs the Minotaur Berserker began the quest for the
                  | Orb.
     0 | D:1      | Reached XP level 1. HP: 19/19 MP: 0/0
   656 | D:1      | Reached XP level 2. HP: 27/27 MP: 1/1
  1322 | D:1      | Found a faded altar of an unknown god.
  1367 | D:2      | Reached XP level 3. HP: 33/33 MP: 2/2
  1392 | D:2      | Found a hazy altar of Hepliaklqana.
  1411 | D:2      | Reached ** piety under Trog
  1514 | D:2      | Reached XP level 4. HP: 25/40 MP: 3/3
  1883 | D:2      | Slain by a gnoll

Illustrated notes

Levels and vault maps discovered:
D:1:      elethiomel_arrival_quiet, layout_basic,
          dilly_ecumenical_altar_fadedgnrine, grunt_decor_one_mirror,
          minmay_hedge_maze, chequers_serial_rivers_micro_b
D:2:      layout_basic, basic_altar, feat_on_display

Skill      XL: |  1  2  3 |
---------------+----------+-----
Axes           | 4 |  4.6
Fighting       | 4 |  4.5
Armour         | 3 |  3.6
Dodging        | 3 |  3.3

Action                   |  1- 3 |  4- 6 || total
-------------------------+-------+-------++-------
Melee: Hand axe          |    77 |    25 ||   102
       Headbutt          |     6 |     4 ||    10
Invok: Berserk           |       |     1 ||     1
Armor: Ring mail         |    45 |    11 ||    56
       Animal skin       |     2 |       ||     2
Dodge: Dodged            |    61 |    15 ||    76
